AoeStats
← DonVitoCorleone

Migration

507127031Analyzed
1v1 RM · 17d ago on Sep 16, 2026· 53m 58s· 2 players
Game mode
Random Map
Map size
132×132
Population
200
Speed
Normal
Resources
Standard
Victory
Conquest
Starting age
Dark Age
Ending age
Imperial Age
RankedLock teamsTeams togetherTeam positionsShared explorationLock speedFull tech treeHidden civsTurbo modeCheats
Victory
Defeat
🇦🇹 Italians · Austria
974
+15
🇨🇿 Byzantines · Czechia
958
-15
Brumwild
8:35 Loom
12:10 Feudal Age
12:49 Double-Bit Axe
17:04 Fletching
17:15 Padded Archer Armor
18:27 Scale Barding Armor
20:45 Castle Age
19:08 Forging
18:41 Fishing Lines
21:40 Medium Warships
22:10 Gillnets
22:14 Light Cavalry
26:02 Bodkin Arrow
28:24 Leather Archer Armor
31:48 Bow Saw
34:46 Imperial Age
34:14 Chain Barding Armor
34:43 Iron Casting
37:02 Plate Barding Armor
37:58 Chemistry
50:15 Heavy Warships
53:28 Ring Archer Armor
52:59 Bracer
DonVitoCorleone
11:45 Feudal Age
12:09 Fishing Lines
12:38 Double-Bit Axe
14:37 Loom
17:50 Castle Age
19:12 Bow Saw
18:57 Fletching
20:19 Wheelbarrow
20:16 Medium Warships
20:46 Ballistics
21:26 Bodkin Arrow
21:32 Padded Archer Armor
22:00 Stone Mining
23:23 Horse Collar
23:53 Pikeman
27:32 Squires
31:36 Imperial Age
29:56 Careening
29:59 Clinker Construction
30:00 Gold Mining
30:24 Scale Mail Armor
33:05 Conscription
33:07 Thumb Ring
34:14 Chemistry
33:27 Bracer
33:49 Leather Archer Armor
38:10 Ring Archer Armor
39:28 Two-Man Saw
39:51 Elite Genoese Crossbowman
44:36 Heavy Warships
44:46 Dry Dock
44:48 Carvel Hull
44:51 Shipwright
45:05 Dry Dock
45:07 Carvel Hull
48:25 Hand Cart
50:38 Elite Cannon Galleon
Connection lost

Rejoining the realm…

Still unreachable

The connection could not be restored.

Session expired

The server has moved on; the page needs a fresh start.